 Dungeon Crawl Stone Soup version 0.17-a0-2127-g1cb09f6 (webtiles) character file.

41 onionterror the Caller (level 3, -3/19 HPs)
             Began as a Tengu Summoner on Oct 23, 2015.
             Killed from afar by Crazy Yiuf (7 damage)
             ... with a wand of frost
             ... on level 2 of the Dungeon.
             The game lasted 00:15:24 (1773 turns).

onionterror the Caller (Tengu Summoner)             Turns: 1773, Time: 00:15:24

Health: -3/19      AC:  2    Str:  8    XL:     3   Next: 52%
Magic:  0/7        EV: 12    Int: 16    God:
Gold:   52         SH:  3    Dex: 14    Spells: 2 memorised, 4 levels left

rFire  . . .     SeeInvis .     d - +0 dagger
rCold  . . .     Clarity  .     i - +0 robe
rNeg   . . .     SustAt   .     f - +0 buckler
rPois  .         Gourm    .     (helmet restricted)
rElec  .         Spirit   .     (no cloak)
rCorr  .         Warding  .     (no gloves)
rMut   .         Stasis   .     (boots unavailable)
MR     .....                    (no amulet)
Stlth  ++........               (no ring)
                                (no ring)

@: very slightly contaminated, not resistant to hostile enchantments, unstealthy
A: beak, talons 3
a: no special abilities


You were on level 2 of the Dungeon.
You were hungry.

You visited 1 branch of the dungeon, and saw 2 of its levels.

You collected 52 gold pieces.

Inventory:

Hand Weapons
 d - a +0 dagger (weapon)
Armour
 a - a +0 robe
 f - a +0 buckler (worn)
 i - a +0 robe (worn)
Scrolls
 j - a scroll of recharging {unknown}
 n - 5 scrolls of identify {unknown}
 o - a scroll of remove curse
Potions
 e - a potion of resistance {unknown}
 g - 2 potions of heal wounds {unknown}
 h - a potion of might {unknown}
 k - 2 potions of lignification {unknown}
 l - 2 potions of magic {unknown}
 m - a potion of haste {unknown}
Books
 b - a book of Callings

   Spells                             Type                      Level
   a - Summon Small Mammal            Summoning                    1
   b - Call Imp                       Summoning                    2
   c - Call Canine Familiar           Summoning                    3
   d - Summon Guardian Golem          Hexes/Summoning              3
   e - Summon Lightning Spire         Summoning/Air                4
   f - Summon Ice Beast               Ice/Summoning                4
Comestibles
 c - 3 bread rations


   Skills:
 + Level 2.9 Dodging
 - Level 2.0 Stealth
 + Level 2.6 Spellcasting
 + Level 5.3 Summonings


You had 4 spell levels left.
You knew the following spells:

 Your Spells              Type           Power        Failure   Level  Hunger
a - Summon Small Mammal   Summ           ###.         3%          1    #......
b - Call Imp              Summ           ###.....     6%          2    ##.....


Dungeon Overview and Level Annotations

Branches:
Dungeon (2/15)

Altars:

Annotations:
D:2 Crazy Yiuf


Innate Abilities, Weirdness & Mutations

You have a beak for a mouth.
You have claws for feet.


Message History

Your crimson imp hits Crazy Yiuf.
You see here a mace.
Crazy Yiuf zaps a wand.
The puff of frost misses you.
Your crimson imp closely misses Crazy Yiuf.
You see here a mace.
You see here a mace.
Casting: Summon Small Mammal
Confirm with . or Enter, or press ? or * to list all spells.
You hit the bush but do no damage. Something hits your quokka!
Your quokka dies!
Your quokka's corpse disappears in a puff of smoke!
You see here a mace.
Crazy Yiuf says, "Mountain aubergine noodlescoop!"
Casting: Summon Small Mammal
Confirm with . or Enter, or press ? or * to list all spells.
Crazy Yiuf zaps a wand.
The puff of frost misses you.
You swap places.
Crazy Yiuf yells, "Hah!
Fire bag dark."
Crazy Yiuf zaps a wand.
The puff of frost hits you!
You die...

..#.......# ######.......#..
#.#..#############............+..
..#..# #.......################
#.#..# #.####### #.#..#
#.......##♣♣♣♣♣
###..#####..####..#P)♣)♣♣♣ ###
...................gP5♣))♣#)))# #
........##.####....♣P♣♣♣♣g5)).# #
###.....##.#....@r#P♣♣ ♣♣#)))# #
....÷.#.##.#..#####♣♣ ### #
###...####.#.....# #
##.).....#..#### #
####.#####.#..# ####### #####
#........#.#..#####.#...# ###...#
#.###.##.###.[#.........# #.+...'
#.# #.##.# #..#.###.....###.#...#
#.# #.##.# #..#..<#..........####


You could see Crazy Yiuf, a friendly crimson imp and a friendly quokka.

Vanquished Creatures
  A giant gecko (D:1)
  5 bats (D:2)
  A giant cockroach (D:2)
  A rat (D:2)
  A fungus (D:2)
9 creatures vanquished.

Vanquished Creatures (collateral kills)
  A gnoll (D:1)
  3 giant geckos
  5 goblins
  9 hobgoblins
  5 kobolds
  4 bats
  4 giant cockroaches
  2 giant newts
  6 rats
39 creatures vanquished.

Grand Total: 48 creatures vanquished

Notes
Turn   | Place    | Note
--------------------------------------------------------------
     0 | D:1      | onionterror the Tengu Summoner began the quest for the Orb.
     0 | D:1      | Reached XP level 1. HP: 10/10 MP: 4/4
     3 | D:1      | Noticed an electric eel
     3 | D:1      | Noticed an electric eel
   253 | D:1      | Reached XP level 2. HP: 10/15 MP: 3/6
   262 | D:1      | Learned a level 2 spell: Call Imp
   330 | D:1      | Reached skill level 5 in Summonings
   861 | D:2      | Reached XP level 3. HP: 16/19 MP: 4/7
  1751 | D:2      | Noticed Crazy Yiuf
  1773 | D:2      | Killed from afar by Crazy Yiuf

Vault maps used:
D:1:      arrival_aquarium_b
D:2:      uniq_crazy_yiuf_cottage

Action                   || total
-------------------------++-------
Melee: Dagger            ||    57
 Cast: Summon Small Mamm ||    40
       Call Imp          ||     8
  Use: Scroll            ||     1
 Stab: Sleeping          ||     1
  Eat: Chunk             ||     3
